Map: New Gettysburg LE

Players

Polt - Winner!

  • Race: Terran Terran

ShaDoWn

  • Race: Protoss Protoss

Event: 2016 WCS Summer Circuit Championship (DH Montreal)

VOD

Have the link to the VOD?

Description

Time

  • Played on: Aug. 12, 2016, 7:17 p.m.
  • Length: 16:53

All games in this series

Show
View Real Time Build Order
Export as new Build Order

Polt Terran - Winner!

Build Orders: MMM Bio 

Get SALT Encoding   

  12  0:00  SCV  
  13  0:13  SCV  
  14  0:17  Supply Depot  
  14  0:25  SCV  
  15  0:39  SCV  
  15  0:41  Barracks  
  16  0:46  Refinery  
  16  0:51  SCV  
  17  1:03  SCV  
  18  1:15  SCV  
  19  1:27  Orbital Command  
  19  1:28  Barracks Reactor  
  19  1:41  Command Center  
  19  1:51  Supply Depot  
  19  1:53  SCV  
  20  2:04  Reaper  
  20  2:05  SCV  
  22  2:10  Barracks  
  22  2:17  SCV  
  23  2:23  Engineering Bay  
  24  2:30  SCV  
  24  2:34  Factory  
  24  2:42  SCV  
  24  2:44  Marine x2  
  26  2:46  Refinery  
  26  2:54  Orbital Command  
  26  2:55  SCV  
  27  2:59  Barracks Tech Lab  
  27  3:07  SCV  
  27  3:09  Marine x2  
  30  3:20  Marine  
  30  3:21  Widow Mine  
  30  3:23  SCV  
  30  3:24  SCV  
  30  3:27  Marine x2  
  37  3:34  Starport  
  37  3:36  SCV x2  
  39  3:42  Stimpack  
  39  3:47  Marine x2  
  41  3:48  Supply Depot  
  41  3:52  SCV  
  41  3:53  SCV  
  43  4:04  SCV  
  43  4:05  Supply Depot  
  43  4:06  SCV  
  43  4:08  Marine  
  46  4:10  Marine x2, Medivac  
  46  4:11  Factory Reactor  
  46  4:14  Supply Depot  
  46  4:16  SCV  
  50  4:18  SCV  
  49  4:28  Engineering Bay, SCV  
  49  4:30  Marine x3, SCV  
  54  4:37  Supply Depot, Refinery  
  54  4:40  SCV  
  54  4:42  SCV  
  56  4:48  Marine x3  
  56  4:51  Medivac x2  
  63  4:53  Widow Mine, SCV  
  63  4:56  SCV  
  67  5:00  Missile Turret  
  67  5:03  Missile Turret  
  67  5:06  SCV  
  68  5:08  SCV  
  68  5:10  Marine x3  
  68  5:13  Terran Infantry Weapons Level 1  
  72  5:18  SCV  
  72  5:20  Supply Depot, SCV  
  74  5:30  Starport Reactor  
  74  5:33  Marine x3  
  77  5:39  SCV  
  77  5:41  Widow Mine  
  77  5:42  SCV  
  81  5:43  Supply Depot  
  81  5:48  Command Center  
  81  5:50  Combat Shields  
  81  5:54  Marine x3  
  84  6:00  SCV x2  
  84  6:12  Marine x3  
  84  6:15  SCV x2  
  84  6:18  Liberator  
  84  6:19  Liberator  
  83  6:30  Marine x3, Barracks  
  83  6:32  Barracks  
  86  6:33  Barracks  
  86  6:37  Refinery  
  90  6:48  SCV x2  
  90  6:49  Marauder  
  94  6:54  Widow Mine, Supply Depot, Marine x2  
  94  6:55  Supply Depot  
  98  7:01  Liberator  
  98  7:03  Orbital Command  
  98  7:05  Liberator  
  98  7:11  SCV  
  98  7:12  SCV  
  98  7:14  Terran Infantry Armor Level 1  
  100  7:17  Refinery  
  100  7:18  Refinery  
  106  7:23  Barracks Tech Lab  
  106  7:27  Barracks Tech Lab  
  106  7:29  SCV x3  
  109  7:41  SCV x3  
  109  7:43  Starport  
  112  7:45  Fusion Core  
  112  7:48  Liberator x2, Marauder x3  
  118  7:54  Marine x4  
  122  8:01  SCV x3  
  125  8:06  Missile Turret  
  125  8:07  Missile Turret  
  130  8:13  SCV x2  
  130  8:14  SCV  
  133  8:20  Supply Depot x4  
  133  8:21  Starport Tech Lab  
  133  8:34  Liberator x3  
  133  8:35  Concussive Shells  
  133  8:37  Supply Depot  
  133  8:39  Supply Depot  
  133  8:41  Marine x4, SCV x3  
  133  8:42  Marauder x3  
  133  8:44  Advanced Ballistics  
  155  9:02  Marine x4  
  155  9:03  Marauder x3  
  155  9:06  Supply Depot  
  165  9:11  Command Center  
  164  9:24  Liberator x3  
  164  9:27  Barracks  
  164  9:30  Marine x4, Barracks, Marauder x3  
  174  9:31  Barracks  
  174  9:36  Armory  
  174  9:38  Engineering Bay  
  182  10:02  Marine, Marauder x3  
  189  10:09  Marine  
  189  10:22  Marine x2  
  189  10:24  Medivac x3, Terran Infantry Armor Level 2, Terran Infantry Weapons Level 2  
  189  10:25  Terran Vehicle And Ship Armor Level 1  
  197  10:32  Command Center  
  197  10:34  Barracks Tech Lab x2  
  197  10:35  Barracks Reactor  
  197  10:45  Sensor Tower  
  197  10:52  Starport  
  197  10:56  Refinery x2  
  175  11:12  Viking x3  
  175  11:17  Marine x2  
  175  11:18  Marine x6, Marauder x3  
  187  11:31  Liberator x2  
  167  11:33  Liberator  
  167  11:37  Marine x2, Marauder x2  
  167  11:38  Marine x4  
  167  11:39  Marauder x3  
  154  11:44  Planetary Fortress  
  157  12:05  Planetary Fortress  
  157  12:09  Starport Reactor  
  157  12:14  Liberator x2  
  157  12:16  Liberator  
  157  12:17  Marine x6, Marauder x5  
  173  12:23  Terran Ship Weapons Level 1  
  182  12:41  Refinery  
  182  12:44  Terran Infantry Weapons Level 3  
  182  12:57  Refinery  
  184  13:01  Command Center, Viking  
  184  13:02  Command Center, Viking  
  186  13:06  Terran Infantry Armor Level 3  
  185  13:14  Viking x2  
  185  13:16  Viking  
  190  13:39  Command Center  
  190  13:43  Medivac x3  
  195  13:52  Missile Turret  
  195  13:57  Ghost Academy  
  194  14:14  Viking x4  
  172  14:35  Viking  
  165  14:40  Marine x4, Marauder x3  
  165  14:41  Marine x2, Marauder x2  
  165  14:44  Viking x4  
  181  14:51  Orbital Command  
  181  14:52  Planetary Fortress  
  175  14:54  Missile Turret  
  175  14:55  Orbital Command  
  173  15:01  Liberator x3  
  173  15:02  Liberator x2  
  166  15:07  Marine x4, Marauder x4  
  166  15:08  Marine x2, Marauder  
  197  15:40  Ghost  
  197  15:42  Ghost  
  200  15:43  Hi-Sec Auto Tracking  
Show
View Real Time Build Order
Export as new Build Order

ShaDoWn Protoss 

Build Orders: 1 Gate Expand, Oracle Opening 

Get SALT Encoding   

  12  0:01  Probe (Chrono Boost)  
  13  0:11  Probe (Chrono Boost)  
  14  0:19  Pylon  
  14  0:22  Probe (Chrono Boost)  
  15  0:37  Probe (Chrono Boost), Gateway  
  15  0:42  Assimilator  
  16  0:47  Probe (Chrono Boost)  
  17  0:58  Probe (Chrono Boost)  
  18  1:08  Probe (Chrono Boost)  
  19  1:20  Nexus  
  19  1:23  Probe (Chrono Boost)  
  20  1:32  Cybernetics Core  
  20  1:35  Probe (Chrono Boost)  
  21  1:41  Assimilator  
  21  1:45  Probe (Chrono Boost)  
  22  1:50  Pylon  
  22  1:56  Probe (Chrono Boost)  
  26  2:08  Probe (Chrono Boost), Adept, Warp Gate  
  26  2:19  Probe (Chrono Boost)  
  27  2:29  Probe (Chrono Boost)  
  28  2:31  Stargate  
  28  2:33  Probe (Chrono Boost)  
  28  2:36  Adept  
  31  2:40  Probe (Chrono Boost)  
  31  2:43  Probe (Chrono Boost)  
  33  2:50  Probe (Chrono Boost)  
  34  2:54  Probe (Chrono Boost)  
  35  3:01  Probe (Chrono Boost)  
  35  3:03  Adept  
  35  3:04  Probe (Chrono Boost), Pylon  
  39  3:12  Probe (Chrono Boost)  
  40  3:15  Probe (Chrono Boost)  
  40  3:17  Oracle  
  39  3:23  Probe (Chrono Boost)  
  39  3:26  Probe (Chrono Boost)  
  45  3:36  Probe x2 (Chrono Boost)  
  45  3:37  Pylon  
  46  3:47  Probe (Chrono Boost)  
  46  3:48  Probe (Chrono Boost)  
  48  4:01  Probe (Chrono Boost)  
  49  4:03  Nexus  
  49  4:05  Probe (Chrono Boost), Gateway x2  
  50  4:12  Mothership Core (Chrono Boost), Pylon  
  50  4:24  Void Ray  
  50  4:27  Assimilator x2  
  50  4:30  Robotics Facility  
  52  4:34  Probe x2 (Chrono Boost)  
  56  4:45  Probe (Chrono Boost)  
  56  4:46  Probe (Chrono Boost)  
  56  4:56  Probe (Chrono Boost)  
  56  4:59  Probe (Chrono Boost)  
  58  5:03  Twilight Council, Forge  
  58  5:06  Probe (Chrono Boost)  
  59  5:07  Sentry  
  59  5:08  Adept  
  59  5:11  Probe (Chrono Boost)  
  64  5:14  Oracle  
  64  5:16  Observer  
  64  5:17  Probe (Chrono Boost)  
  64  5:21  Probe (Chrono Boost)  
  70  5:22  Adept  
  70  5:23  Probe (Chrono Boost), Protoss Ground Weapons Level 1  
  70  5:24  Pylon  
  70  5:28  Probe (Chrono Boost), Adept  
  74  5:29  Resonating Glaives  
  74  5:31  Probe (Chrono Boost), Adept  
  74  5:35  Probe (Chrono Boost)  
  80  5:39  Probe (Chrono Boost)  
  80  5:42  Probe (Chrono Boost)  
  82  5:45  Adept  
  82  5:47  Probe (Chrono Boost)  
  86  5:50  Pylon  
  86  5:51  Probe (Chrono Boost)  
  86  5:52  Probe (Chrono Boost), Observer  
  86  5:56  Adept x2  
  92  5:59  Probe (Chrono Boost)  
  93  6:07  Probe (Chrono Boost)  
  93  6:09  Probe (Chrono Boost)  
  82  6:26  Immortal, Stalker x3  
  82  6:30  Probe (Chrono Boost)  
  92  6:36  Probe (Chrono Boost)  
  80  6:40  Pylon  
  79  6:49  Probe (Chrono Boost)  
  79  6:52  Pylon  
  77  6:56  Pylon  
  77  6:59  Probe (Chrono Boost), Mothership Core (Chrono Boost)  
  77  7:00  Probe (Chrono Boost), Sentry, Adept  
  84  7:09  Probe (Chrono Boost), Protoss Ground Armor Level 1  
  84  7:10  Probe (Chrono Boost), Oracle, Immortal  
  93  7:16  Blink  
  93  7:17  Probe (Chrono Boost), Adept  
  93  7:20  Probe (Chrono Boost)  
  93  7:21  Probe (Chrono Boost), Pylon  
  98  7:28  Probe (Chrono Boost)  
  99  7:30  Probe (Chrono Boost)  
  99  7:31  Probe (Chrono Boost)  
  99  7:35  Gateway  
  99  7:37  Gateway  
  101  7:38  Gateway  
  101  7:39  Probe (Chrono Boost)  
  101  7:41  Probe (Chrono Boost)  
  101  7:42  Probe (Chrono Boost), Stalker  
  101  7:43  Stalker  
  108  7:45  Pylon  
  108  7:49  Assimilator  
  108  7:50  Probe (Chrono Boost)  
  109  7:52  Pylon  
  109  7:56  Assimilator  
  109  8:00  Pylon  
  109  8:03  Pylon  
  109  8:05  Immortal  
  109  8:06  Pylon  
  109  8:12  Probe (Chrono Boost)  
  116  8:15  Robotics Bay  
  114  8:25  Gateway  
  114  8:26  Gateway  
  114  8:27  Gateway  
  114  8:33  Stalker x2  
  115  8:50  Fleet Beacon  
  115  8:59  Disruptor  
  114  9:06  Protoss Ground Weapons Level 2  
  114  9:07  Adept x3  
  123  9:13  Nexus  
  123  9:15  Pylon  
  123  9:16  Pylon  
  123  9:22  Probe (Chrono Boost)  
  124  9:27  Stalker  
  124  9:28  Adept x2, Stalker x2  
  134  9:37  Tempest  
  134  9:38  Colossus  
  144  9:51  Stargate  
  144  9:58  Probe x3 (Chrono Boost)  
  147  10:06  Extended Thermal Lance  
  147  10:10  Probe (Chrono Boost)  
  147  10:12  Probe (Chrono Boost)  
  145  10:17  Tempest  
  145  10:20  Probe (Chrono Boost)  
  146  10:26  Pylon x2  
  146  10:28  Pylon  
  142  10:30  Photon Cannon  
  140  10:36  Photon Cannon  
  139  10:53  Stalker x5  
  139  10:54  Stalker x4, Tempest  
  121  11:42  Nexus  
  121  11:43  Pylon  
  121  11:45  Pylon  
  121  11:49  Pylon  
  121  12:03  Tempest  
  121  12:12  Disruptor  
  128  12:20  Templar Archives  
  128  12:27  Pylon  
  128  12:40  Nexus  
  128  12:41  Pylon  
  128  12:44  Tempest  
  128  12:47  Disruptor  
  128  12:49  Psionic Storm  
  135  13:01  High Templar  
  135  13:04  High Templar  
  135  13:05  High Templar  
  141  13:12  High Templar  
  143  13:13  High Templar  
  145  13:23  Colossus  
  145  13:24  Probe x2 (Chrono Boost)  
  145  13:25  Probe (Chrono Boost)  
  154  13:35  Probe (Chrono Boost)  
  154  13:36  Probe (Chrono Boost)  
  154  13:38  Tempest  
  160  13:51  Probe (Chrono Boost)  
  160  13:53  Probe x2 (Chrono Boost)  
  160  13:54  Probe (Chrono Boost)  
  164  14:01  High Templar  
  166  14:03  Assimilator x2  
  164  14:14  Stalker  
  166  14:20  Adept x5  
  147  14:34  Adept x2  
  147  14:35  Adept  
  153  14:39  Archon  
  148  14:46  Stalker x6  
  146  14:57  Stalker  
  146  14:58  Stalker x2  
  146  15:08  Nexus  
  146  15:11  High Templar  
  146  15:13  High Templar  
  151  15:21  Probe (Chrono Boost)  
  151  15:24  Observer  
  152  15:34  Stargate  
  152  15:36  Probe (Chrono Boost)  
  152  15:38  Probe (Chrono Boost), Forge  
  154  15:44  Adept  
  154  15:49  Pylon x2  
  156  15:52  Pylon  
  158  16:18  Stalker x2  
  158  16:19  Stalker x3  
  143  16:32  Adept x2  
Tags
 
Add a new tag
Caveats
  • Supply blocks, unpowered buildings, or Contaminate may cause inaccurate times.
  • Supply counts are checked every 10 seconds.